 Dungeon Crawl Stone Soup version 0.18-a0-1354-gbc5753f (webtiles) character file.

183 DarkAkira the Sneak (level 5, -4/42 HPs)
             Began as a Vampire Assassin on Feb 10, 2015.
             Killed from afar by an orc wizard (7 damage)
             ... with a magic dart
             ... on level 3 of the Dungeon on Feb 19, 2016.
             The game lasted 00:23:09 (3028 turns).

DarkAkira the Sneak (Vampire Assassin)              Turns: 3028, Time: 00:23:09

Health: -4/42      AC: 11    Str: 11    XL:     5   Next: 35%
Magic:  5/5        EV: 10    Int: 14    God:
Gold:   114        SH:  0    Dex: 15    Spells: 0 memorised, 4 levels left

rFire  . . .     SeeInvis +     a - +2 dagger
rCold  . . .     Gourm    .     y - +3 ring mail
rNeg   . . .     Faith    .     (no shield)
rPois  .         Spirit   .     q - +0 helmet
rElec  .         Dismiss  .     d - +0 cloak
rCorr  .         Reflect  .     r - +0 pair of gloves
SustAt .         Harm     .     (no boots)
MR     .....                    (no amulet)
Stlth  +++.......               (no ring)
                                (no ring)

@: regenerating quickly, slowed, very slow, not resistant to hostile
enchantments, fairly stealthy
A: fangs 3, see invisible, unbreathing
a: no special abilities


You were on level 3 of the Dungeon.
You were very full.

You visited 1 branch of the dungeon, and saw 3 of its levels.

You collected 114 gold pieces.

Inventory:

Hand Weapons
 a - a +2 dagger (weapon)
 b - a +0 blowgun
 A - a +0 trident
Missiles
 e - 23 poisoned needles
 f - 2 curare-tipped needles
 i - 36 stones (quivered)
 s - 6 tomahawks
Armour
 c - a +0 robe
 d - a +0 cloak (worn)
 q - a +0 helmet (worn)
 r - a +0 pair of gloves (worn)
 w - a +0 pair of gloves
 y - a +3 ring mail (worn)
 z - a +0 naga barding
Wands
 u - a wand of disintegration (8/24)
Scrolls
 g - a scroll of blinking {unknown}
 h - 3 scrolls of identify {unknown}
 k - a scroll of random uselessness {unknown}
 l - a scroll of magic mapping
 n - 3 scrolls of teleportation
 p - 2 scrolls of remove curse
Potions
 j - a potion of magic {unknown}
 m - a potion of blood
 o - a potion of flight {unknown}
 t - a potion of lignification {unknown}
 v - a potion of degeneration {unknown}


   Skills:
 * Level 4.1 Fighting
 - Level 2.9 Short Blades
 - Level 1.5 Throwing
 * Level 1.2 Armour
 - Level 1.1 Dodging
 - Level 6.6 Stealth


You had 4 spell levels left.
You didn't know any spells.

Dungeon Overview and Level Annotations

Branches:
Dungeon (3/15)

Altars:


Innate Abilities, Weirdness & Mutations

Your natural rate of healing is unusually fast.
You have razor-sharp teeth.
You have supernaturally acute eyesight.
You can survive without breathing.


Message History

Sigmund seems to slow down.
The orc wizard points at you and mumbles some strange words.
The magic dart hits Sigmund.
The orc wizard points at you and mumbles some strange words.
The magic dart hits Sigmund.
The orc wizard is no longer moving quickly.
The orc wizard casts a spell at you.
The magic dart hits Sigmund.
Sigmund dies!
Your Fighting skill increases to level 4!
Your Armour skill increases to level 1!
You have reached level 5!
You feel clever.
The orc wizard mumbles some strange words.
The orc wizard seems to speed up.
The orc wizard points at you and mumbles some strange words.
The magic dart hits you! The orc wizard casts a spell at you.
The magic dart hits you!
You die...

.###.....#.........###***
..###...........#.########
..#..#..#...#......#.....#
.#....#...#..##..#.......#
#.....#.#.##.............#
........#.########..รท....#
....#.#*#..### ###.....#
**#...####...#######.....#
####......).o...@.......<#
......#########..........##
#####.# #...#..#....# #.#
###.........# #.#
####......# ### ###....#
#....# ######


You could see an orc wizard.

Vanquished Creatures
  4 adders
  A ghost (D:1)
  A worm (D:3)
  2 oozes (D:1)
  4 orcs (D:3)
  A ball python (D:2)
  7 giant cockroaches
  8 goblins
  5 hobgoblins
  2 jackals (D:2)
  A quokka (D:1)
  8 bats
  3 giant newts
  5 kobolds
  12 rats
64 creatures vanquished.

Vanquished Creatures (others)
  Sigmund (D:3)
1 creature vanquished.

Grand Total: 65 creatures vanquished

Notes
Turn   | Place    | Note
--------------------------------------------------------------
     0 | D:1      | DarkAkira, the Vampire Assassin, began the quest for the Orb.
     0 | D:1      | Reached XP level 1. HP: 16/16 MP: 1/1
    19 | D:1      | Reached skill level 6 in Stealth
   182 | D:1      | Reached XP level 2. HP: 11/22 MP: 2/2
   187 | D:1      | Upgraded the game from 0.16-a0-3963-gf3423b3 to 0.18-a0-971-g0af6217
   246 | D:1      | Upgraded the game from 0.18-a0-971-g0af6217 to 0.18-a0-1354-gbc5753f
  1017 | D:1      | Reached XP level 3. HP: 25/28 MP: 3/3
  2497 | D:3      | Reached XP level 4. HP: 35/35 MP: 4/4
  2962 | D:3      | Noticed Sigmund
  3020 | D:3      | HP: 1/37 [orc wizard/magic dart (5)]
  3025 | D:3      | Killed Sigmund
  3025 | D:3      | Reached skill level 1 in Armour
  3025 | D:3      | Reached XP level 5. HP: 2/42 MP: 5/5
  3028 | D:3      | Killed from afar by an orc wizard

Vault maps used:
D:1:      onia_arrival_larder
D:2:      wad_pebble_path
D:3:      makhleb_heckhound_becter, kennysheep_cluttered_room,
          minmay_misc_feat_chi, minivault_19, uniq_sigmund

Action                   |  1- 3 |  4- 6 || total
-------------------------+-------+-------++-------
Melee: Dagger            |    97 |    78 ||   175
Throw: Stone             |     4 |    15 ||    19
  Use: Scroll            |       |     7 ||     7
 Stab: Sleeping          |    17 |     7 ||    24
       Distracted        |     1 |       ||     1
  Eat: Corpse            |    15 |     6 ||    21
